 Dungeon Crawl Stone Soup version 0.24-b1-44-g37ad8b309f (webtiles) character file.

Game seed: 4424972745594489777, levelgen mode: deterministic

1417 EWolf27 the Sneak (level 8, -11/36 HPs)
             Began as a Spriggan Enchanter on Oct 24, 2019.
             Was a Priest of Kikubaaqudgha.
             Shot with an arrow by a centaur (16 damage)
             ... on level 6 of the Dungeon.
             The game lasted 00:35:22 (8156 turns).

EWolf27 the Sneak (Spriggan Enchanter)              Turns: 8156, Time: 00:35:23

Health: -11/36     AC:  4    Str:  6    XL:     8   Next: 43%
Magic:  12/19      EV: 21    Int: 19    God:    Kikubaaqudgha [***...]
Gold:   192        SH:  0    Dex: 16    Spells: 13/20 levels left

rFire    . . .     SeeInvis +   a - +1 dagger (venom)
rCold    + . .     Gourm    .   (shield restricted)
rNeg     . . .     Faith    +   w - +2 robe {MR+}
rPois    .         Spirit   .   (helmet restricted)
rElec    .         Reflect  .   (no cloak)
rCorr    .         Harm     .   (gloves unavailable)
MR       ++...                  (boots unavailable)
Stlth    ++++......             o - amulet of faith
HPRegen  0.12/turn              e - ring of protection from cold
MPRegen  0.16/turn              v - +2 ring of intelligence

@: very slightly contaminated, very quick
A: very small, unfitting armour, see invisible, herbivore, speed 3, slow
metabolism 2
a: Receive Corpses, Renounce Religion


You were on level 6 of the Dungeon.
You worshipped Kikubaaqudgha.
Kikubaaqudgha was most pleased with you.
You were not hungry.

You visited 1 branch of the dungeon, and saw 6 of its levels.

You collected 192 gold pieces.

Inventory:

Hand Weapons
 a - a +1 dagger of venom (weapon)
 C - a +4 dagger
Missiles
 c - 199 stones (quivered)
 z - 5 silver boomerangs
Armour
 w - a +2 robe of magic resistance (worn)
Jewellery
 e - a ring of protection from cold (left hand)
 l - an uncursed amulet of rage
 o - an amulet of faith (around neck)
 v - a +2 ring of intelligence (right hand)
Wands
 d - a wand of iceblast (8)
 A - a wand of flame (18)
Scrolls
 g - 2 scrolls of fog
 i - 2 scrolls of amnesia
 j - a scroll of identify
 m - a scroll of teleportation {unknown}
 n - a scroll of remove curse
 s - 3 scrolls of enchant weapon {unknown}
 y - a scroll of magic mapping {unknown}
Potions
 f - a potion of ambrosia {unknown}
 h - a potion of degeneration {unknown}
 k - 2 potions of curing
 p - 2 potions of lignification {unknown}
 q - 3 potions of brilliance {unknown}
 r - 2 potions of haste {unknown}
 t - a potion of heal wounds {unknown}
 u - 3 potions of mutation {unknown}
 x - 3 potions of might {unknown}
 B - a potion of cancellation {unknown}
Comestibles
 b - 5 rations


   Skills:
 + Level 0.3 Fighting
 + Level 5.6 Short Blades
 - Level 6.0 Dodging
 + Level 7.6 Stealth
 + Level 6.7 Spellcasting
 + Level 7.0 Hexes


You had 13 spell levels left.
You knew the following spells:

 Your Spells              Type           Power        Failure   Level  Hunger
a - Corona                Hex            ####...      1%          1    None
b - Ensorcelled Hibernat  Hex/Ice        ###...       3%          2    None
c - Confuse               Hex            ####....     1%          3    ##.....
d - Pain                  Necr           #...         11%         1    None

Your spell library contained the following spells:

 Spells                   Type           Power        Failure   Level  Hunger
 Tukima's Dance           Hex            ####....     1%          3    ##.....
 Dazzling Spray           Conj/Hex       ###...       8%          3    ##.....
 Corpse Rot               Necr           N/A          16%         2    None
 Sublimation of Blood     Necr           #.........   16%         2    None
 Regeneration             Chrm/Necr      #.........   30%         3    ##.....
 Borgnjor's Vile Clutch   Necr/Erth      #.........   96%         5    #####..
 Dispel Undead            Necr           #.......     96%         5    #####..
 Excruciating Wounds      Chrm/Necr      #.........   96%         5    #####..
 Death Channel            Necr           #.........   100%        6    #######
 Simulacrum               Ice/Necr       #.........   100%        6    #######


Dungeon Overview and Level Annotations

Branches:
Dungeon (6/15)             Temple (0/1) D:4

Altars:
Cheibriados
Elyvilon
Gozag
Hepliaklqana
Kikubaaqudgha
Makhleb
Nemelex Xobeh
Okawaru
Qazlal
Ru
Trog
Vehumet
Wu Jian
Zin
The Shining One


Innate Abilities, Weirdness & Mutations

You are very small and have problems with some larger weapons.
You are too small for most types of armour.
You have supernaturally acute eyesight. (SInv)
You are a herbivore.
You cover ground extremely quickly.
You need to consume almost no food.


Message History

* * * LOW HITPOINT WARNING * * *
The orc closely misses you.
Casting: Ensorcelled Hibernation (safe; 3% risk of failure)
Confirm with . or Enter, or press ? or * to list all spells.
Aiming: Ensorcelled Hibernation (safe; 3% risk of failure)
Press: ? - help, Shift-Dir - straight line, f/p - orc wizard
Aim: an orc wizard, wielding a +2 dagger of speed and wearing a +0 robe (chance to defeat MR: 50%)
The orc wizard resists with some effort.
The centaur barely misses you. The orc wizard closely misses you.
The orc hits you with a +0 dagger.
* * * LOW HITPOINT WARNING * * *
The centaur misses you.
You kill the orc!
Kikubaaqudgha accepts your kill.
The orc wizard hits you but does no damage.
You see here an arrow.
The centaur wields a +0 shortbow.
The centaur shoots an arrow.
The arrow hits you!
You die...
Kikubaaqudgha rasps: "You have failed me!
Welcome... death!"

.. ### ##.# ### .##.###
#.######..######.#
.....#.####..##..##......##
#.......# ###...####.....##
#.......## #..## ##.##..#
.........# #..# #.##...
.##..$...####..# ###...###
........c..#...# ##..##.#
......).o.@..#..##..###.##
###..####...........####.#
#. ###...##.....###.##
#######..........
##.......... ##...........
#.....##..... ###..........
##....###..


You could see a centaur and an orc wizard.

Vanquished Creatures
  Sigmund (D:4)
  Edmund (D:4)
  Duvessa (D:4)
  A sky beast (D:5)
  Dowan (D:4)
  A scorpion (D:4)
  A howler monkey (D:5)
  A crimson imp (D:5)
  5 hounds
  A gnoll shaman (D:5)
  An orc priest (D:3)
  Ijyb (D:4)
  Jessica (D:3)
  3 orc wizards
  2 worker ants
  A hound skeleton (D:4)
  5 adders
  18 gnolls
  2 shadow imps (D:5)
  4 oozes
  2 worms
  4 dart slugs
  4 leopard geckos
  18 orcs
  2 giant cockroaches
  7 goblins
  5 hobgoblins
  8 jackals
  5 kobolds
  3 quokkas
  2 ball pythons
  6 bats
  2 frilled lizards (D:3)
  A leopard gecko zombie (D:5)
  5 rats (D:2)
126 creatures vanquished.

Vanquished Creatures (others)
  An orc (D:4)
1 creature vanquished.

Grand Total: 127 creatures vanquished

Notes
Turn   | Place    | Note
-------+----------+-------------------------------------------
     0 | D:1      | EWolf27 the Spriggan Enchanter began the quest for the Orb.
     0 | D:1      | Reached XP level 1. HP: 9/9 MP: 5/5
   629 | D:1      | Reached XP level 2. HP: 13/13 MP: 7/7
   640 | D:1      | Learned a level 2 spell: Ensorcelled Hibernation
  1280 | D:2      | Found a sparkling altar of Nemelex Xobeh.
  1673 | D:2      | Found a stormy altar of Qazlal.
  1781 | D:2      | Found an ancient bone altar of Kikubaaqudgha.
  1792 | D:2      | Became a worshipper of Kikubaaqudgha
  1802 | D:2      | Reached XP level 3. HP: 16/16 MP: 8/8
  2005 | D:2      | Reached skill level 5 in Stealth
  2099 | D:2      | Learned a level 3 spell: Confuse
  2327 | D:2      | Reached XP level 4. HP: 21/21 MP: 10/10
  3302 | D:3      | Reached XP level 5. HP: 24/24 MP: 4/11
  3393 | D:3      | Found a burning altar of Makhleb.
  3397 | D:3      | Found an iron altar of Okawaru.
  3424 | D:3      | Found an opulent altar of Gozag.
  3467 | D:3      | Reached * piety under Kikubaaqudgha
  3467 | D:3      | Identified Kikubaaqudgha's Incunabulum of Evil
                  | (Kikubaaqudgha gifted it to you on level 3 of the Dungeon)
  3467 | D:3      | Received a gift from Kikubaaqudgha
  3473 | D:3      | Learned a level 1 spell: Pain
  3861 | D:3      | Noticed Jessica
  4694 | D:3      | Killed Jessica
  4694 | D:3      | Reached XP level 6. HP: 25/28 MP: 8/13
  4949 | D:4      | Noticed Ijyb
  5287 | D:4      | Noticed Edmund
  5295 | D:4      | Killed Edmund
  5295 | D:4      | Reached skill level 5 in Dodging
  5295 | D:4      | Reached skill level 5 in Hexes
  5637 | D:4      | Found a sacrificial altar of Ru.
  5663 | D:4      | Reached ** piety under Kikubaaqudgha
  5733 | D:4      | Found a staircase to the Ecumenical Temple.
  5776 | D:4      | Noticed Sigmund
  5780 | D:4      | Killed Sigmund
  5780 | D:4      | Reached skill level 5 in Spellcasting
  5780 | D:4      | Reached XP level 7. HP: 32/32 MP: 15/15
  5964 | D:4      | Noticed Duvessa
  5966 | D:4      | Noticed Dowan
  5971 | D:4      | Killed Duvessa
  5981 | D:4      | Killed Dowan
  6075 | D:4      | Killed Ijyb
  6243 | D:4      | Found a glowing silver altar of Zin.
  6243 | D:4      | Found a white marble altar of Elyvilon.
  6243 | D:4      | Found a glowing golden altar of the Shining One.
  6318 | D:4      | Found a bloodstained altar of Trog.
  6319 | D:4      | Found a hazy altar of Hepliaklqana.
  6428 | D:5      | Entered Level 5 of the Dungeon
  6776 | D:5      | Found an ornate altar of the Wu Jian Council.
  6780 | D:5      | Reached skill level 5 in Short Blades
  6780 | D:5      | Reached XP level 8. HP: 36/36 MP: 18/18
  6784 | D:5      | Found a radiant altar of Vehumet.
  6784 | D:5      | Found a snail-covered altar of Cheibriados.
  7290 | D:5      | Reached *** piety under Kikubaaqudgha
  7290 | D:5      | Identified Kikubaaqudgha's Handbook of Unholy Rituals
                  | (Kikubaaqudgha gifted it to you on level 5 of the Dungeon)
  7290 | D:5      | Received a gift from Kikubaaqudgha
  8156 | D:6      | Shot with an arrow by a centaur

Skill      XL: |  1  2  3  4  5  6  7  8 |
---------------+-------------------------+-----
Spellcasting   | 3 4 5 6 |  6.7
Stealth        | 5 6 7 |  7.6
Short Blades   | 2 4 5 |  5.6
Hexes          | 4 5 6 7 |  7.0
Dodging        | 4 6 |  6.0
Fighting       | |  0.3

Action                   |  1- 3 |  4- 6 |  7- 9 || total
-------------------------+-------+-------+-------++-------
Melee: Dagger            |    96 |   141 |   125 ||   362
 Cast: Ensorcelled Hiber |    11 |    33 |    32 ||    76
       Confuse           |       |     2 |     5 ||     7
  Use: Scroll            |       |       |     3 ||     3
 Stab: Sleeping          |    18 |    27 |    27 ||    72
       Distracted        |       |     1 |       ||     1
       Confused          |       |     1 |     3 ||     4
  Eat: Ration            |       |     2 |     2 ||     4
Armor: Robe              |     2 |    12 |     9 ||    23
Dodge: Dodged            |    69 |   138 |   101 ||   308
